 Dungeon Crawl Stone Soup version 0.17-a0-877-ga10078a (webtiles) character file.

68 hornqvist the Shield-Bearer (level 4, -1/35 HPs)
             Began as a Formicid Fighter on Apr 30, 2015.
             Slain by an ogre
             ... wielding a +0 giant club
              (24 damage)
             ... on level 3 of the Dungeon.
             The game lasted 00:01:03 (1152 turns).

hornqvist the Shield-Bearer (Formicid Fighter)      Turns: 1152, Time: 00:01:04

Health: -1/35      AC:  6    Str: 21    XL:     4   Next: 41%
Magic:  4/4        EV:  9    Int:  8    God:
Gold:   106        SH: 10    Dex: 14    Spells: 0 memorised, 3 levels left

rFire  . . .     SeeInvis +     r - +0 battleaxe
rCold  . . .     Clarity  .     b - +0 scale mail
rNeg   . . .     SustAb   .     c - +0 shield
rPois  .         Gourm    .     (helmet unavailable)
rElec  .         Spirit   .     (no cloak)
rCorr  .         Warding  .     (no gloves)
rMut   .         Stasis   +     (no boots)
MR     .....                    (no amulet)
Stlth  ..........               (no ring)
                                v - +4 ring of dexterity

@: not resistant to hostile enchantments, extremely unstealthy
A: permanent stasis, dig shafts and tunnels, four strong arms, antennae 3
a: Dig, Shaft Self


You were on level 3 of the Dungeon.
You were hungry.

You visited 1 branch of the dungeon, and saw 3 of its levels.

You collected 106 gold pieces.

Inventory:

Hand weapons
 r - a +0 battleaxe (weapon)
Armour
 b - a +0 scale mail (worn)
 c - a +0 shield (worn)
Jewellery
 v - a +4 ring of dexterity (left hand)
Scrolls
 a - a scroll of fear {unknown}
 i - 2 scrolls of recharging {unknown}
 j - 3 scrolls of identify {unknown}
 m - a scroll of magic mapping {unknown}
 o - 3 scrolls of enchant armour {unknown}
 p - a scroll of remove curse {unknown}
 q - 2 scrolls of teleportation {unknown}
 s - 2 scrolls of fog {unknown}
 w - a scroll of noise {unknown}
Potions
 d - 2 potions of might
 f - 2 potions of agility {unknown}
 g - a potion of resistance {unknown}
 h - a potion of heal wounds {unknown}
 k - a potion of brilliance {unknown}
 n - a potion of flight {unknown}
 z - 2 potions of degeneration {unknown}
Comestibles
 e - a bread ration
 l - a slice of pizza
 t - a meat ration
 u - 3 fruits
 x - 2 beef jerkies


   Skills:
 - Level 3.2 Fighting
 * Level 3.3 Axes
 - Level 3.2 Armour
 + Level 1.8 Dodging
 + Level 4.0 Shields


You had 3 spell levels left.
You didn't know any spells.

Dungeon Overview and Level Annotations

Branches:
Dungeon (3/15)

Altars:
Zin


Innate Abilities, Weirdness & Mutations

You are under a permanent stasis effect.
You can dig through walls and to a lower floor.
Your four strong arms can wield two-handed weapons with a shield.
You have a pair of large antennae on your head (SInv).


Message History

Your shield prevents you from hitting the hobgoblin.
The ogre shouts!
You block the hobgoblin's attack.
You slash the hobgoblin!
You kill the hobgoblin!
No target in view!
No target in view!
No target in view!
The ogre is too close now for your liking.
You slash the ogre! The ogre hits you with a giant club.
You take 1 damage, and have 34/35 hp.
You hit the ogre. You block the ogre's attack.
You hit the ogre. The ogre barely misses you. You block the ogre's attack.
You hit the ogre. The ogre closely misses you.
You barely miss the ogre. The ogre hits you with a giant club!
You take 12 damage, and have 22/35 hp.
MASSIVE DAMAGE!!
You slash the ogre! The ogre hits you but does no damage.
You hit the ogre. The ogre hits you with a giant club!!
Ouch! That really hurt!
You die...

..# .......##
.........
.........#
..........#
..........#
........>.#
........O..#
.....####@..###...
.....#............
..........#####...
...........#
....#..<#.#
.................
...............
................
........#.#####


You could see an ogre.

Vanquished Creatures
  3 adders (D:2)
  An ooze (D:1)
  A giant gecko (D:1)
  2 giant cockroaches (D:2)
  4 goblins
  6 hobgoblins
  3 kobolds
  A ball python (D:1)
  6 bats (D:2)
  A giant newt (D:1)
  4 jackals (D:1)
  6 rats
38 creatures vanquished.

Notes
Turn   | Place    | Note
--------------------------------------------------------------
     0 | D:1      | hornqvist, the Formicid Fighter, began the quest for the Orb.
     0 | D:1      | Reached XP level 1. HP: 18/18 MP: 1/1
    54 | D:1      | Reached XP level 2. HP: 20/24 MP: 2/2
   283 | D:1      | Reached skill level 1 in Dodging
   302 | D:1      | Reached XP level 3. HP: 29/29 MP: 3/3
   643 | D:2      | Reached XP level 4. HP: 19/35 MP: 4/4
   839 | D:2      | Reached skill level 4 in Shields
  1084 | D:2      | Found a glowing silver altar of Zin.
  1142 | D:3      | Noticed an ogre
  1152 | D:3      | Slain by an ogre

Action                   |  1- 3 |  4- 6 || total
-------------------------+-------+-------++-------
Melee: War axe           |    58 |     6 ||    64
       Battleaxe         |       |    39 ||    39
